YL
CONCORD COMETS @ WERRINGTON SAINTS
08/31/2022
 
TOP OF THE 1ST
Concord Comets batting - Pitching for Werrington Saints : RHP Shane McArthur
Pitching: RHP Shane McArthur
Batting: RHB Codi Qualtrough 0-0: Ball
1-0: Foul Ball, location: 3F
1-1: Ground out 4-3 (Groundball, 4D, EV 103.1 MPH)
Batting: RHB Brook Ince 0-0: Called Strike
0-1: Foul Ball, location: 2F
0-2: Ball
1-2: Foul Ball, location: 7LSF
1-2: Foul Ball, location: 2F
1-2: Strikes out looking
Batting: RHB Matt Jane 0-0: Ball
1-0: Foul Ball, location: 25FF
1-1: Foul Ball, location: 9LSF
1-2: Ball
2-2: Ball
3-2: Foul Ball, location: 25FF
3-2: Fly out, F8 (Flyball, 8LD, EV 82.5 MPH)
Top of the 1st over - 0 runs, 0 hits, 0 errors, 0 left on base; Concord 0 - Werrington 0
BOTTOM OF THE 1ST
Werrington Saints batting - Pitching for Concord Comets : RHP Michael Wortley
Pitching: RHP Michael Wortley
Batting: LHB Jason Waldrom 0-0: Ball
1-0: Swinging Strike
1-1: Ball
2-1: Foul Ball, location: 23FF
2-2: Foul Ball, location: 2F
2-2: Ground out 5-3 (Groundball, 15, EV 85.6 MPH)
Batting: RHB Rod Craggs 0-0: Called Strike
0-1: Swinging Strike
0-2: Ball
1-2: Strikes out swinging
Batting: SHB Terry Besent 0-0: Ground out U3 (Groundball, 34, EV 90.6 MPH)
Bottom of the 1st over - 0 runs, 0 hits, 0 errors, 0 left on base; Concord 0 - Werrington 0
TOP OF THE 2ND
Concord Comets batting - Pitching for Werrington Saints : RHP Shane McArthur
Batting: RHB Billie Footitt 0-0: Foul Ball, location: 9LDF
0-1: Ball
1-1: Ball
2-1: Ball
3-1: Base on Balls
Batting: RHB Tim Lewis 0-0: Ball
Wild Pitch!
Billie Footitt to second
1-0: Foul Ball, location: 2F
1-1: Fly out, F8 (Flyball, 89M, EV 92.5 MPH)
Batting: RHB Bill Ailen 0-0: Ground out 5-3 (Groundball, 5S, EV 65.0 MPH)
Batting: RHB Paul Orr 0-0: Ball
1-0: Ball
2-0: Called Strike
2-1: Swinging Strike
2-2: DOUBLE (Line Drive, 89M, EV 96.3 MPH)
Billie Footitt scores
Batting: RHB George Keokia 0-0: Called Strike
0-1: Called Strike
0-2: Ball
1-2: Strikes out swinging
Top of the 2nd over - 1 run, 1 hit, 0 errors, 1 left on base; Concord 1 - Werrington 0
BOTTOM OF THE 2ND
Werrington Saints batting - Pitching for Concord Comets : RHP Michael Wortley
Batting: RHB Rylan Tuathal 0-0: Ball
1-0: Ground out 5-3 (Groundball, 56S, EV 81.9 MPH)
Batting: RHB Sloan Surtees 0-0: Ball
1-0: Ball
2-0: Foul Ball, location: 2F
2-1: Foul Ball, location: 9LMF
2-2: Ball
3-2: Foul Ball, location: 5F
3-2: Fly out, F7 (Flyball, 7D, EV 95.0 MPH)
Batting: RHB Korbin Dunnage 0-0: Fly out, F8 (Flyball, 8RXD, EV 111.9 MPH)
Bottom of the 2nd over - 0 runs, 0 hits, 0 errors, 0 left on base; Concord 1 - Werrington 0
TOP OF THE 3RD
Concord Comets batting - Pitching for Werrington Saints : RHP Shane McArthur
Batting: RHB Darron Juhl 0-0: Ball
1-0: Ball
2-0: Called Strike
2-1: Fly out, F3 (Line Drive, 3L, EV 68.8 MPH)
Batting: RHB Codi Qualtrough 0-0: Ball
1-0: Ball
2-0: Ball
3-0: Called Strike
3-1: Swinging Strike
3-2: Strikes out swinging
Batting: RHB Brook Ince 0-0: Ball
1-0: Ball
2-0: Ground out 4-3 (Groundball, 13, EV 80.6 MPH)
Top of the 3rd over - 0 runs, 0 hits, 0 errors, 0 left on base; Concord 1 - Werrington 0
BOTTOM OF THE 3RD
Werrington Saints batting - Pitching for Concord Comets : RHP Michael Wortley
Batting: LHB Eloni Miller 0-0: Ball
1-0: Ball
2-0: Called Strike
2-1: Ball
3-1: Base on Balls
Batting: RHB Andrew Kenika 0-0: Fly out, F7 (Flyball, 7D, EV 95.6 MPH)
Batting: SHB Dusty Hagerty 0-0: Ball
1-0: Grounds into double play, 6-4-3 (Groundball, 6, EV 89.4 MPH)
Bottom of the 3rd over - 0 runs, 0 hits, 0 errors, 0 left on base; Concord 1 - Werrington 0
TOP OF THE 4TH
Concord Comets batting - Pitching for Werrington Saints : RHP Shane McArthur
Batting: RHB Matt Jane 0-0: Ground out 4-3 (Groundball, 34D, EV 99.4 MPH)
Batting: RHB Billie Footitt 0-0: Ball
1-0: Called Strike
1-1: Ball
2-1: Foul Ball, location: 2F
2-2: Strikes out swinging
Batting: RHB Tim Lewis 0-0: Ball
1-0: Called Strike
1-1: Ball
2-1: Ground out U3 (Groundball, 34, EV 86.9 MPH)
Top of the 4th over - 0 runs, 0 hits, 0 errors, 0 left on base; Concord 1 - Werrington 0
BOTTOM OF THE 4TH
Werrington Saints batting - Pitching for Concord Comets : RHP Michael Wortley
Batting: LHB Jason Waldrom 0-0: Ball
1-0: Foul Ball, location: 2F
1-1: SINGLE (Line Drive, 3D, EV 94.4 MPH)
Batting: RHB Rod Craggs Balk!
Jason Waldrom to second
0-0: Ball
1-0: Ball
2-0: Ball
3-0: Base on Balls
Batting: SHB Terry Besent 0-0: Called Strike
0-1: Foul Ball, location: 25F
0-2: Strikes out swinging
Batting: RHB Rylan Tuathal 0-0: Ball
1-0: Ball
2-0: Ball
3-0: Called Strike
3-1: Base on Balls
Jason Waldrom to third
Rod Craggs to second
Pinch Hitting: RHB Jack Tovo 0-0: Ball
1-0: Ball
2-0: Called Strike
2-1: Foul Ball, location: 2RF
2-2: Foul Ball, location: 9LDF
2-2: Fly out, F8 (Flyball, 8LM, EV 93.1 MPH)
Runner from 3rd tags up, SCORES, no throw by CF
Batting: RHB Korbin Dunnage 0-0: Called Strike
0-1: Foul Ball, location: 25F
0-2: SINGLE (Groundball, 6D, EV 106.3 MPH)
Rod Craggs to third
Rylan Tuathal to second
Pinch Hitting: RHB Demitirio Carr 0-0: Ball
1-0: Fly out, F7 (Flyball, 7LMF, EV 97.5 MPH)
Bottom of the 4th over - 1 run, 2 hits, 0 errors, 3 left on base; Concord 1 - Werrington 1
TOP OF THE 5TH
Concord Comets batting - Pitching for Werrington Saints : RHP Shane McArthur
Now at 3B: Lex Collinge
Now in RF: Jack Tovo
Batting: RHB Bill Ailen 0-0: DOUBLE (Line Drive, 89M, EV 93.8 MPH)
Batting: RHB Paul Orr 0-0: Called Strike
0-1: Ball
1-1: Ground out 4-3 (Groundball, 34D, EV 103.8 MPH)
Bill Ailen to third
Batting: RHB George Keokia 0-0: Ball
1-0: Foul Ball, location: 2F
1-1: Ball
2-1: DOUBLE (Line Drive, 78M, EV 110.0 MPH)
Bill Ailen scores
Batting: RHB Darron Juhl 0-0: Ball
1-0: Foul Ball, location: 2F
1-1: Ball
2-1: Ball
3-1: Reached on error, E6 (Groundball, 6, EV 91.9 MPH)
Batting: RHB Codi Qualtrough 0-0: Called Strike
0-1: Swinging Strike
0-2: Ball
1-2: Fly out, F9 (Line Drive, 89M, EV 96.9 MPH)
Batting: RHB Brook Ince 0-0: Swinging Strike
0-1: Ball
1-1: Foul Ball, location: 7LSF
1-2: Ball
2-2: Foul Ball, location: 2F
2-2: SINGLE (Line Drive, 9S, EV 91.9 MPH)
George Keokia to third
Darron Juhl to second
Runner from 3rd tries for Home, throw by RF and OUT! 9-2
Top of the 5th over - 1 run, 3 hits, 1 error, 2 left on base; Concord 2 - Werrington 1
BOTTOM OF THE 5TH
Werrington Saints batting - Pitching for Concord Comets : RHP Michael Wortley
Batting: RHB Andrew Kenika 0-0: Ball
1-0: Ball
2-0: DOUBLE (Flyball, 9LD, EV 99.4 MPH)
Batting: SHB Dusty Hagerty 0-0: DOUBLE (Flyball, 8RD, EV 95.6 MPH)
Andrew Kenika scores
Batting: LHB Jason Waldrom 0-0: Ball
1-0: Ball
2-0: DOUBLE (Flyball, 8LXD, EV 92.5 MPH)
Dusty Hagerty scores
Batting: RHB Rod Craggs 0-0: SINGLE (Groundball, 34D, EV 101.3 MPH)
Jason Waldrom to third
Throwing error, E9
Jason Waldrom scores
Rod Craggs to second
Batting: SHB Terry Besent 0-0: SINGLE (Line Drive, 9LS, EV 100.6 MPH)
Rod Craggs to third
Runner from 3rd tries for Home, SAFE, throw by RF to home
Pitching: RHP Glendon Heppell
Batting: RHB Rylan Tuathal 0-0: Ball
1-0: Foul Ball, location: 2F
1-1: Foul Ball, location: 3FF
1-2: Ball
2-2: DOUBLE (Flyball, 89D, EV 88.1 MPH)
Terry Besent to third
Batting: RHB Jack Tovo 0-0: Ball
1-0: Fielders Choice attempt at home, Runner SAFE. 6-2 (Groundball, 56, EV 85.0 MPH)
Rylan Tuathal to third
Batting: RHB Korbin Dunnage 0-0: Called Strike
0-1: Ball
1-1: Ball
2-1: Called Strike
2-2: Foul Ball, location: 2F
2-2: Fly out, F4 (Popup, 4, EV 71.9 MPH)
Batting: SHB Lex Collinge 0-0: Foul Ball, location: 2F
0-1: Foul Ball, location: 2RF
0-2: Foul Ball, location: 2F
0-2: Ball
1-2: Strikes out looking
Batting: RHB Andrew Kenika 0-0: Called Strike
0-1: Called Strike
0-2: Ball
1-2: 3-RUN HOME RUN (Flyball, 7LD, EV 93.8 MPH), Distance : 340 ft
Batting: SHB Dusty Hagerty 0-0: Ball
1-0: SINGLE (Groundball, 3D, EV 103.1 MPH)
Batting: LHB Jason Waldrom 0-0: Ball
1-0: Foul Ball, location: 2F
1-1: Ball
2-1: Ball
3-1: Ground out U3 (Groundball, 34, EV 86.3 MPH)
Bottom of the 5th over - 8 runs, 8 hits, 1 error, 1 left on base; Concord 2 - Werrington 9
TOP OF THE 6TH
Concord Comets batting - Pitching for Werrington Saints : RHP Shane McArthur
Batting: RHB Matt Jane 0-0: Called Strike
0-1: Swinging Strike
0-2: SINGLE (Line Drive, 9S, EV 110.6 MPH)
Batting: RHB Billie Footitt 0-0: Called Strike
0-1: Ball
1-1: Ball
2-1: Ball
3-1: Called Strike
3-2: Strikes out swinging
Matt Jane steals 2nd base
Batter strikes out.
Pitching: RHP Herb Fellick
Batting: RHB Tim Lewis 0-0: Ball
1-0: Called Strike
1-1: Swinging Strike
1-2: Ball
2-2: Ball
3-2: Base on Balls
Batting: RHB Bill Ailen 0-0: Foul Ball, location: 3FF
0-1: Swinging Strike
0-2: Ball
1-2: SINGLE (Line Drive, 34D, EV 100.6 MPH)
Matt Jane to third
Tim Lewis to second
Batting: RHB Paul Orr 0-0: Ball
1-0: Ball
2-0: SINGLE (Line Drive, 7LS, EV 110.0 MPH)
Matt Jane scores
Tim Lewis to third
Bill Ailen to second
Pinch Hitting: SHB Mica Brown 0-0: Ball
1-0: Ball
2-0: Foul Ball, location: 5FF
2-1: Foul Ball, location: 2F
2-2: GRAND SLAM HOME RUN (Flyball, 9LD, EV 93.8 MPH), Distance : 348 ft
Pitching: RHP Keiron Aitken
Pinch Hitting: RHB Chris Culshaw 0-0: DOUBLE (Line Drive, 5D, EV 96.3 MPH)
Batting: RHB Codi Qualtrough 0-0: Swinging Strike
0-1: Foul Ball, location: 7LSFF
0-2: Ball
1-2: DOUBLE (Groundball, 5L, EV 100.6 MPH)
Chris Culshaw scores
Batting: RHB Brook Ince 0-0: Ball
1-0: Called Strike
1-1: Called Strike
1-2: Strikes out swinging
Batting: RHB Matt Jane 0-0: Foul Ball, location: 2F
0-1: Ball
1-1: Ground out 6-3 (Groundball, 6, EV 87.5 MPH)
Top of the 6th over - 6 runs, 6 hits, 0 errors, 1 left on base; Concord 8 - Werrington 9
BOTTOM OF THE 6TH
Werrington Saints batting - Pitching for Concord Comets : RHP Glendon Heppell
Pitching: LHP Deon Nottingham
Now at 2B: Mica Brown
Now in RF: Travis Dellow
Batting: RHB Rod Craggs 0-0: Ball
1-0: Called Strike
1-1: Called Strike
1-2: Ball
2-2: Strikes out looking
Batting: SHB Terry Besent 0-0: Ball
1-0: Reached on error, E6 (Groundball, 6M, EV 93.1 MPH)
Batting: RHB Rylan Tuathal 0-0: Swinging Strike
0-1: Ball
1-1: Foul Ball, location: 9LMF
1-2: Ball
2-2: Foul Ball, location: 5F
2-2: Fly out, F8 (Flyball, 78M, EV 88.1 MPH)
Batting: RHB Jack Tovo 0-0: Called Strike
0-1: Called Strike
0-2: Foul Ball, location: 2RF
0-2: Ball
1-2: Ball
2-2: SINGLE (Line Drive, 6D, EV 97.5 MPH)
Terry Besent to second
Batting: RHB Korbin Dunnage 0-0: SINGLE (Line Drive, 6M, EV 96.9 MPH)
Terry Besent to third
Jack Tovo to second
Runner from 3rd tries for Home, SAFE, throw by CF to home
Batting: SHB Lex Collinge 0-0: Called Strike
0-1: Ball
1-1: Foul Ball, location: 2F
1-2: Ball
Wild Pitch!
Jack Tovo to third
Korbin Dunnage to second
2-2: Foul Ball, location: 2F
2-2: Foul Ball, location: 5F
2-2: Foul Ball, location: 2F
2-2: Ball
Wild Pitch!
Jack Tovo scores
Korbin Dunnage to third
3-2: Base on Balls
Batting: RHB Andrew Kenika 0-0: Ball
1-0: Ball
2-0: Swinging Strike
2-1: Foul Ball, location: 9LDF
2-2: Fly out, F8 (Flyball, 89M, EV 79.4 MPH)
Bottom of the 6th over - 2 runs, 2 hits, 1 error, 2 left on base; Concord 8 - Werrington 11
TOP OF THE 7TH
Concord Comets batting - Pitching for Werrington Saints : RHP Keiron Aitken
Batting: RHB Billie Footitt 0-0: Called Strike
0-1: Called Strike
0-2: Ball
1-2: Foul Ball, location: 3SF
1-2: SOLO HOME RUN (Flyball, 7LD, EV 93.8 MPH), Distance : 355 ft
Batting: RHB Tim Lewis 0-0: Called Strike
0-1: Ball
1-1: Ground out 5-3 (Groundball, 56, EV 80.6 MPH)
Batting: RHB Bill Ailen 0-0: Ground out 5-3 (Groundball, 56, EV 101.9 MPH)
Batting: RHB Paul Orr 0-0: Swinging Strike
0-1: Fly out, F8 (Flyball, 8RD, EV 92.5 MPH)
Top of the 7th over - 1 run, 1 hit, 0 errors, 0 left on base; Concord 9 - Werrington 11
BOTTOM OF THE 7TH
Werrington Saints batting - Pitching for Concord Comets : LHP Deon Nottingham
Batting: SHB Dusty Hagerty 0-0: Ball
1-0: SINGLE (Groundball, 6M, EV 97.5 MPH) (infield hit)
Batting: LHB Jason Waldrom 0-0: Ball
Wild Pitch!
Dusty Hagerty to second
1-0: Foul Ball, location: 7LSF
1-1: Ball
2-1: Ball
3-1: Foul Ball, location: 7LDF
3-2: Foul Ball, location: 2F
3-2: Foul Ball, location: 7LSF
3-2: DOUBLE (Line Drive, 9LD, EV 105.6 MPH)
Dusty Hagerty scores
Pitching: RHP Jim Simmonds
Batting: RHB Rod Craggs 0-0: Ball
1-0: Ball
2-0: Ball
3-0: Base on Balls
Batting: SHB Terry Besent 0-0: Ball
1-0: Ball
2-0: DOUBLE (Line Drive, 9LM, EV 86.9 MPH)
Jason Waldrom scores
Rod Craggs to third
Batting: RHB Rylan Tuathal 0-0: Called Strike
0-1: Ball
1-1: Swinging Strike
1-2: Ball
2-2: Ball
3-2: Foul Ball, location: 2LF
3-2: Base on Balls
Batting: RHB Jack Tovo 0-0: Ball
1-0: Fly out, F7 (Flyball, 7S, EV 85.6 MPH)
Batting: RHB Korbin Dunnage 0-0: Ball
1-0: Fly out, F4 (Popup, 3S, EV 71.3 MPH)
Batting: SHB Lex Collinge 0-0: Called Strike
0-1: Swinging Strike
0-2: Strikes out swinging
Bottom of the 7th over - 2 runs, 3 hits, 0 errors, 3 left on base; Concord 9 - Werrington 13
TOP OF THE 8TH
Concord Comets batting - Pitching for Werrington Saints : RHP Keiron Aitken
Batting: SHB Mica Brown 0-0: Ball
1-0: Called Strike
1-1: Foul Ball, location: 7LDF
1-2: Foul Ball, location: 7LMF
1-2: Ball
2-2: Foul Ball, location: 2F
2-2: Strikes out looking
Batting: SHB Travis Dellow 0-0: Ball
1-0: Called Strike
1-1: Swinging Strike
1-2: Foul Ball, location: 9LMF
1-2: Strikes out swinging
Batting: RHB Codi Qualtrough 0-0: DOUBLE (Line Drive, 78D, EV 109.4 MPH)
Batting: RHB Brook Ince 0-0: Fly out, F3 (Popup, 3F, EV 71.9 MPH)
Top of the 8th over - 0 runs, 1 hit, 0 errors, 1 left on base; Concord 9 - Werrington 13
BOTTOM OF THE 8TH
Werrington Saints batting - Pitching for Concord Comets : RHP Jim Simmonds
Batting: RHB Andrew Kenika 0-0: Called Strike
0-1: Foul Ball, location: 5SF
0-2: Strikes out swinging
Batting: SHB Dusty Hagerty 0-0: Called Strike
0-1: Fly out, F9 (Flyball, 9LMF, EV 93.1 MPH)
Batting: LHB Jason Waldrom 0-0: Ground out 5-3 (Groundball, 5L, EV 89.4 MPH)
Bottom of the 8th over - 0 runs, 0 hits, 0 errors, 0 left on base; Concord 9 - Werrington 13
TOP OF THE 9TH
Concord Comets batting - Pitching for Werrington Saints : RHP Keiron Aitken
Batting: RHB Matt Jane 0-0: Ball
1-0: Ball
2-0: Ball
3-0: Called Strike
3-1: Called Strike
3-2: Base on Balls
Pitching: LHP Fred Jarvis
Batting: RHB Billie Footitt 0-0: Ball
1-0: Ball
2-0: Ball
3-0: Base on Balls
Matt Jane to second
Pitching: RHP Sinbad Landers
Pinch Hitting: RHB Josh Bebb 0-0: DOUBLE (Flyball, 78XD, EV 103.1 MPH)
Matt Jane scores
Billie Footitt to third
Pinch Hitting: SHB Vic Wilder 0-0: Called Strike
0-1: Ball
1-1: Foul Ball, location: 2F
1-2: Ball
2-2: Ball
3-2: Foul Ball, location: 3SF
3-2: Base on Balls
Batting: RHB Paul Orr 0-0: Ball
1-0: Ball
2-0: Fly out, F9 (Line Drive, 89M, EV 110.6 MPH)
Batting: SHB Mica Brown 0-0: Swinging Strike
0-1: Fielders Choice at 2nd, 6-4 (Groundball, 6, EV 101.9 MPH)
Billie Footitt scores
Josh Bebb to third
Pinch Hitting: RHB Greg Plackett 0-0: Swinging Strike
0-1: Fly out, F9 (Flyball, 9LM, EV 98.1 MPH)
Top of the 9th over - 2 runs, 1 hit, 0 errors, 2 left on base; Concord 11 - Werrington 13
Thursday, May 2nd , 2024 - OOTP Baseball 24.9 Build 80